[Event "*** SCC Grand Prix: Titled Tuesday Blitz"]
[Site "Chess.com"]
[Date "2020.08.04"]
[Round "2"]
[White "cukin84"]
[Black "eightbyeightchess"]
[Result "0-1"]
[WhiteElo "2174"]
[BlackElo "2422"]
[TimeControl "180+1"]
[EndTime "13:59:25 PDT"]
[Termination "eightbyeightchess won by resignation"]

1. e4 e6 2. d4 d5 3. Nc3 Nf6 4. e5 Nfd7 5. f4 c5 6. Nf3 Nc6 7. Be3 cxd4 8. Nxd4 Bc5 9. Qd2 a6 10. O-O-O O-O 11. h4 Bxd4 12. Bxd4 b5 13. g4 b4 14. Ne2 Qa5 15. Kb1 Nxd4 16. Nxd4 Bb7 17. Qe3 Qc7 18. Bd3 a5 19. Nb5 Qc5 20. Qxc5 Nxc5 21. Nd6 Bc6 22. f5 a4 23. g5 b3 24. a3 Nxd3 25.
cxd3 d4 26. Rhf1 Bg2 27. Rf2 Bh3 28. h5 exf5 29. Rf4 Bg4 30. Rh1 Rfe8 31. Rxd4 Rxe5 32. Nc4 Re2 33. Ne3 Rxe3 0-1

[Event "*** SCC Grand Prix: Titled Tuesday Blitz"]
[Site "Chess.com"]
[Date "2020.08.04"]
[Round "2"]
[White "Vladislav_Chizhikov"]
[Black "ajdemipopushi"]
[Result "1-0"]
[WhiteElo "2463"]
[BlackElo "2254"]
[TimeControl "180+1"]
[EndTime "13:59:40 PDT"]
[Termination "Vladislav_Chizhikov won by resignation"]

1. e4 c5 2. Nf3 g6 3. d4 cxd4 4. c3 dxc3 5. Nxc3 Nc6 6. e5 Bg7 7. Bc4 Nh6 8. Bf4 O-O 9. O-O a6 10. Qd2 Ng4 11. Rfe1 d6 12. exd6 exd6 13. Bxd6 Re8 14.
Rxe8+ Qxe8 15. Nd5 Qe4 16. Nb6 Ra7 17. Re1 1-0

[Event "*** SCC Grand Prix: Titled Tuesday Blitz"]
[Site "Chess.com"]
[Date "2020.08.04"]
[Round "2"]
[White "abykhovsky"]
[Black "FMJoseHerrera"]
[Result "1-0"]
[WhiteElo "2761"]
[BlackElo "2492"]
[TimeControl "180+1"]
[EndTime "13:59:48 PDT"]
[Termination "abykhovsky won by checkmate"]

1. d4 f6 2. e4 g6 3. Nc3 Kf7 4.
f4 Kg7 5. Nf3 h5 6. Be3 Nh6 7.
Bd3 Ng4 8. Bg1 c5 9. dxc5 Nc6 10. Qe2 e5 11. f5 Qa5 12. fxg6 Bxc5 13. Bxc5 Qxc5 14.
Nh4 d6 15. Nd5 Nd4 16. Qd2 Nh6 17. Rf1 Be6 18. c3 Bxd5 19. cxd4 Qxd4 20. exd5 Qxh4+ 21. g3 Qd4 22. O-O-O Qxd5 23. Kb1 Ng4 24. h3 Nh6 25. Qf2 Rhf8 26. Bc2 Qe6 27. g4 hxg4 28. hxg4 Nxg4 29. Qg2 Ne3 30. Qxb7+ Kg8 31. Qh7# 1-0

[Event "*** SCC Grand Prix: Titled Tuesday Blitz"]
[Site "Chess.com"]
[Date "2020.08.04"]
[Round "2"]
[White "Yoshikrov"]
[Black "mishanick"]
[Result "0-1"]
[WhiteElo "2146"]
[BlackElo "2931"]
[TimeControl "180+1"]
[EndTime "13:59:55 PDT"]
[Termination "mishanick won by resignation"]

1. e4 c5 2. Nf3 d6 3. d4 cxd4 4. Nxd4 Nf6 5. Nc3 a6 6. Be3 e5 7. Nb3 Be6 8. f3 Nbd7 9. Qd2 b5 10. O-O-O Be7 11. Kb1 b4 12. Nd5 Bxd5 13. exd5 Nb6 14.
Bxb6 Qxb6 15. g4 a5 16. g5 Nh5 17. Nc1 O-O 18. h4 a4 19. Bd3 a3 20. b3 Rfc8 21.
Rhe1 g6 22. Qe3 Bd8 23. Qxb6 Bxb6 24. Ne2 Bf2 25. Rf1 Bxh4 26. f4 Re8 27. fxe5 Rxe5 28. Nf4 Nxf4 29. Rxf4 Be1 30. Re4 Rxe4 31. Bxe4 Bc3 32.
Rf1 Re8 33. Bd3 Re5 34. Bc4 Rxg5 35. Kc1 h5 36. Kd1 Re5 0-1

[Event "*** SCC Grand Prix: Titled Tuesday Blitz"]
[Site "Chess.com"]
[Date "2020.08.04"]
[Round "2"]
[White "KarstenHansch"]
[Black "isainz"]
[Result "1-0"]
[WhiteElo "2418"]
[BlackElo "2134"]
[TimeControl "180+1"]
[EndTime "14:00:07 PDT"]
[Termination "KarstenHansch won by resignation"]

1. e4 c5 2. Nf3 Nc6 3. Bb5 g6 4.
O-O Bg7 5. Re1 Nf6 6. e5 Nd5 7. Nc3 Nxc3 8. dxc3 O-O 9. Qd5 Qc7 10. Qxc5 b6 11.
Qe3 Bb7 12. Qe2 a6 13. Bd3 Nd8 14. Bf4 Ne6 15. Bg3 b5 16. a4 bxa4 17. Rxa4 Qc6 18. Rc4 Qb6 19. Rb4 Qc6 20. Be4 1-0

[Event "*** SCC Grand Prix: Titled Tuesday Blitz"]
[Site "Chess.com"]
[Date "2020.08.04"]
[Round "2"]
[White "OparinGrigoriy"]
[Black "MasterKroket"]
[Result "1-0"]
[WhiteElo "2954"]
[BlackElo "2420"]
[TimeControl "180+1"]
[EndTime "14:00:15 PDT"]
[Termination "OparinGrigoriy won by resignation"]

1. Nf3 Nf6 2. g3 b6 3. Bg2 Bb7 4. d4 e6 5. c4 Be7 6. O-O O-O 7. Nc3 Ne4 8. Bd2 f5 9. Qc2 Nxc3 10. Bxc3 Bf6 11. Ne5 Bxg2 12. Kxg2 d6 13. Nf3 g6 14.
e4 Bg7 15. Rae1 Nd7 16. exf5 exf5 17. Re2 Nf6 18. Ng5 Re8 19. Ne6 Qd7 20. d5 Bh8 21. Rfe1 Re7 22. b4 Rae8 23. Bxf6 Bxf6 24. b5 a5 25. f4 Kf7 26. Qd3 Rg8 27. h3 h5 28.
Rh1 Qc8 29. g4 hxg4 30. hxg4 Rh8 31. Rxh8 Qxh8 32. gxf5 Qh4 33. fxg6+ Kg8 34. Qh3 1-0

[Event "*** SCC Grand Prix: Titled Tuesday Blitz"]
[Site "Chess.com"]
[Date "2020.08.04"]
[Round "2"]
[White "Mikhail_Golubev"]
[Black "Chuchofrio1"]
[Result "1-0"]
[WhiteElo "2600"]
[BlackElo "2333"]
[TimeControl "180+1"]
[EndTime "14:00:15 PDT"]
[Termination "Mikhail_Golubev won by checkmate"]

1. e4 e5 2. Nf3 Nc6 3. Nc3 Nf6 4. g3 d5 5. exd5 Nxd5 6. Bg2 Bg4 7. h3 Nxc3 8. bxc3 Bh5 9. Qe2 Bd6 10. Rb1 Rb8 11.
g4 Bg6 12. d3 O-O 13. Ng5 Qd7 14.
O-O f5 15. Bd5+ Kh8 16. Be6 Qe7 17. gxf5 Bxf5 18. Bxf5 Rxf5 19. Qg4 Rbf8 20. Rxb7 Bc5 21. Ne4 Bb6 22. c4 Na5 23. Rb8 Rxb8 24. Qxf5 Nc6 25. Ng5 Rf8 26. Qxh7# 1-0

[Event "*** SCC Grand Prix: Titled Tuesday Blitz"]
[Site "Chess.com"]
[Date "2020.08.04"]
[Round "2"]
[White "AnonymousBread"]
[Black "diablanni"]
[Result "1-0"]
[WhiteElo "2530"]
[BlackElo "2307"]
[TimeControl "180+1"]
[EndTime "14:00:15 PDT"]
[Termination "AnonymousBread won by resignation"]

1. d4 Nf6 2. Nc3 d5 3. Bf4 c5 4. e3 cxd4 5. exd4 a6 6. Nf3 Bg4 7. Be2 Bxf3 8. Bxf3 e6 9. O-O Nc6 10. Ne2 Bd6 11. c3 Bxf4 12. Nxf4 O-O 13. Nd3 Na5 14. Rc1 Qd6 15. b3 b5 16. Nc5 Nd7 17. b4 Nc4 18. Be2 Ndb6 19. a4 bxa4 20. Nxa4 a5 21. bxa5 Rxa5 22. Nc5 Qc7 23. Rb1 Rfa8 24. Re1 Ra2 25. Qb3 h6 26. h3 R8a3 27. Qb5 Rc2 28. Qe8+ Kh7 29. Bd3+ 1-0

[Event "*** SCC Grand Prix: Titled Tuesday Blitz"]
[Site "Chess.com"]
[Date "2020.08.04"]
[Round "2"]
[White "SilviusTiberius"]
[Black "Msb2"]
[Result "0-1"]
[WhiteElo "2519"]
[BlackElo "2812"]
[TimeControl "180+1"]
[EndTime "14:00:26 PDT"]
[Termination "Msb2 won by checkmate"]

1. e4 e6 2. d4 d5 3. Nc3 Nf6 4. Bg5 dxe4 5. Nxe4 Be7 6. Bxf6 Bxf6 7. Nf3 Nd7 8. Bd3 c5 9. O-O cxd4 10. Re1 O-O 11. Nxf6+ Nxf6 12. Nxd4 Bd7 13. Qf3 Qb6 14. Nb3 Rad8 15.
Re5 Bc6 16. Qg3 Rd5 17. Rae1 Rfd8 18. Qh4 a5 19. a4 Rxd3 20. cxd3 Qxb3 21. R5e3 Rxd3 22.
Rxd3 Qxd3 23. Qg5 Qd5 24. h4 h6 25. Qg3 Ne4 26. Qf4 Nc5 27. Re3 Qxg2# 0-1

[Event "*** SCC Grand Prix: Titled Tuesday Blitz"]
[Site "Chess.com"]
[Date "2020.08.04"]
[Round "2"]
[White "vesalhamedinia"]
[Black "elohunter1999"]
[Result "0-1"]
[WhiteElo "2284"]
[BlackElo "2473"]
[TimeControl "180+1"]
[EndTime "14:00:26 PDT"]
[Termination "elohunter1999 won by resignation"]

1. d4 f5 2. Nf3 Nf6 3. Bf4 e6 4. e3 b6 5. Be2 Bb7 6. O-O Be7 7. h3 O-O 8. c4 Ne4 9. Nbd2 Bf6 10.
Rc1 d6 11. a3 Nd7 12. Qc2 Qe7 13. b4 g5 14. Bh2 h5 15. Ne1 g4 16. hxg4 hxg4 17.
Nxe4 Bxe4 18. Nd3 Qh7 19. Qd1 Kf7 20. f3 Rh8 21. Bg3 gxf3 22. Bxf3 Rag8 23. Bf4 Qh1+ 24. Kf2 Rxg2+ 25. Bxg2 Qxg2+ 26. Ke1 Bh4+ 27. Nf2 Bxf2+ 28.
Rxf2 Rh1+ 29. Ke2 Rxd1 30. Rxd1 Bf3+ 31. Ke1 Qg1+ 32. Kd2 Qxf2+ 0-1

[Event "*** SCC Grand Prix: Titled Tuesday Blitz"]
[Site "Chess.com"]
[Date "2020.08.04"]
[Round "2"]
[White "PSvidler"]
[Black "louis198"]
[Result "1-0"]
[WhiteElo "2941"]
[BlackElo "2528"]
[TimeControl "180+1"]
[EndTime "14:00:30 PDT"]
[Termination "PSvidler won by resignation"]

1. e4 e6 2. d4 d5 3. Nd2 Nf6 4. e5 Nfd7 5. c3 c5 6. Bd3 Nc6 7. Ne2 f6 8. Nf4 Qe7 9. exf6 Qxf6 10.
Nf3 Bd6 11. Nh5 Qe7 12. O-O O-O 13. Re1 cxd4 14. cxd4 g6 15. Bg5 Qf7 16. Ng3 Re8 17. Bh6 Bf4 18. Ng5 Qf6 19. Nxh7 Kxh7 20. Bxf4 Qxf4 21. Qh5+ Kg7 22. Qxg6+ Kf8 23. Nh5 Qf7 24.
Qh6+ Ke7 25. Bg6 Qf8 26. Qg5+ Kd6 27. Bxe8 Qxe8 28. Qg3+ Ke7 29. Rxe6+ Kxe6 30. Re1+ Nde5 31. Rxe5+ Nxe5 32. Qxe5+ Kd7 33. Nf6+ 1-0

[Event "*** SCC Grand Prix: Titled Tuesday Blitz"]
[Site "Chess.com"]
[Date "2020.08.04"]
[Round "2"]
[White "AndrewDGreen"]
[Black "rududuyk"]
[Result "1-0"]
[WhiteElo "2396"]
[BlackElo "2077"]
[TimeControl "180+1"]
[EndTime "14:00:44 PDT"]
[Termination "AndrewDGreen won by resignation"]

1. d4 e6 2. Nf3 f5 3. c4 Nf6 4. Nc3 Be7 5. Qc2 b6 6. e4 fxe4 7. Nxe4 Bb7 8. Bd3 Bb4+ 9. Bd2 Bxd2+ 10. Nexd2 Nc6 11. a3 O-O 12. O-O-O a6 13. Ne4 h6 14.
Rhg1 Na5 15. Nxf6+ Qxf6 16. Kb1 c5 17. dxc5 bxc5 18.
Rge1 Bc6 19. Ne5 Qxf2 20. Bh7+ Kh8 21. Ng6+ Kxh7 22. Nxf8+ 1-0

[Event "*** SCC Grand Prix: Titled Tuesday Blitz"]
[Site "Chess.com"]
[Date "2020.08.04"]
[Round "2"]
[White "praveenb2002"]
[Black "Chesswizard_2007"]
[Result "1-0"]
[WhiteElo "2782"]
[BlackElo "2506"]
[TimeControl "180+1"]
[EndTime "14:00:47 PDT"]
[Termination "praveenb2002 won by resignation"]

1. d4 Nf6 2. c4 g6 3. Nc3 Bg7 4. e4 d6 5. h3 O-O 6. Be3 c5 7. dxc5 Qa5 8. Bd3 dxc5 9. e5 Nfd7 10. f4 Nc6 11. Ne2 Nb6 12. b3 Be6 13. O-O Rad8 14. Ne4 Nb4 15. Nxc5 Bf5 16. Nxb7 Qa6 17. Nxd8 Rxd8 18.
Bxf5 Rxd1 19. Raxd1 gxf5 20. Rd8+ Bf8 21. Rf3 h5 22.
Rg3+ Kh7 23. Rxf8 Qxa2 24. Rxf7+ Kh8 25. Nd4 Qb1+ 26. Kh2 Nd7 27. Rxf5 Qd1 28. Nf3 Nf6 29. exf6 Qxf3 1-0

[Event "*** SCC Grand Prix: Titled Tuesday Blitz"]
[Site "Chess.com"]
[Date "2020.08.04"]
[Round "2"]
[White "Patov"]
[Black "GameOverBro"]
[Result "1-0"]
[WhiteElo "2298"]
[BlackElo "2454"]
[TimeControl "180+1"]
[EndTime "14:00:47 PDT"]
[Termination "Patov won by resignation"]

1. e4 d6 2. d4 Nf6 3. f4 Nxe4 4. Bd3 Nf6 5. Nf3 g6 6. O-O Bg7 7. c4 e6 8. Nc3 b6 9. d5 O-O 10. dxe6 Bxe6 11. f5 Bd7 12. Bg5 Bc6 13. Qe1 Nbd7 14. fxg6 fxg6 15. Nd4 Ne5 16. Nxc6 Nxc6 17. Nd5 Ne5 18. Qh4 Ned7 19. Rae1 c6 20. Ne7+ Kf7 21. Qxh7 Ne5 22. Rxe5 dxe5 23. Rxf6+ Ke8 24. Bxg6+ Kd7 25. Qxg7 Qxe7 26. Bf5+ Ke8 27. Rxf8+ 1-0

[Event "*** SCC Grand Prix: Titled Tuesday Blitz"]
[Site "Chess.com"]
[Date "2020.08.04"]
[Round "2"]
[White "ChronicUnhappiness"]
[Black "coocloo"]
[Result "1-0"]
[WhiteElo "2389"]
[BlackElo "1999"]
[TimeControl "180+1"]
[EndTime "14:00:48 PDT"]
[Termination "ChronicUnhappiness won by resignation"]

1. d4 d5 2. c4 e6 3. Nc3 Nf6 4. Bg5 Be7 5. e3 h6 6. Bh4 O-O 7. Nf3 b6 8. Be2 Bb7 9. O-O Nbd7 10. Rc1 c5 11. cxd5 exd5 12. Ne5 Qc7 13. Bg3 Bd6 14. Nb5 Qb8 15. Nxd6 Qxd6 16. Ng6 Qe6 17. Nxf8 Kxf8 18. dxc5 bxc5 19. Qa4 Nb6 20. Qa3 Nbd7 21. Rfd1 Kg8 22. Bb5 c4 23. Bxd7 Nxd7 24. b3 Nb6 25. Rd4 Re8 26. Qxa7 Re7 27. Qb8+ Kh7 28. Qd6 Qxd6 29.
Bxd6 Rd7 30. Bc5 1-0

[Event "*** SCC Grand Prix: Titled Tuesday Blitz"]
[Site "Chess.com"]
[Date "2020.08.04"]
[Round "2"]
[White "1stSecond"]
[Black "Keithonsky"]
[Result "1-0"]
[WhiteElo "2852"]
[BlackElo "2550"]
[TimeControl "180+1"]
[EndTime "14:00:49 PDT"]
[Termination "1stSecond won by resignation"]

1. Nf3 Nf6 2. g3 d5 3. Bg2 e6 4. O-O Be7 5. b3 O-O 6. Bb2 b6 7. c4 Bb7 8. e3 dxc4 9. bxc4 c5 10.
Qe2 Nc6 11. Rd1 Qc7 12. Na3 Rac8 13. Nc2 Na5 14. d3 Qb8 15. e4 Rfd8 16. Ne5 Ne8 17. f4 f6 18. Nf3 Nc6 19. Bh3 Nc7 20. Rf1 Re8 21. Ne3 Rcd8 22. Rad1 b5 23. cxb5 Nxb5 24. Bxe6+ Kh8 25. Bf7 Rf8 26. Bc4 Nd6 27. Bd5 Nb4 28. Bxb7 Qxb7 29. a3 Nc6 30. e5 Nb5 31. Nf5 Ncd4 32.
N3xd4 Nxd4 33. Bxd4 cxd4 34. Rb1 Qd7 35. e6 Qc7 36.
Rfc1 Bc5 37. Rb5 Rd5 38. e7 Re8 39. Qe6 1-0

[Event "*** SCC Grand Prix: Titled Tuesday Blitz"]
[Site "Chess.com"]
[Date "2020.08.04"]
[Round "2"]
[White "djano"]
[Black "Oneofmyturns"]
[Result "1-0"]
[WhiteElo "2427"]
[BlackElo "2729"]
[TimeControl "180+1"]
[EndTime "14:00:52 PDT"]
[Termination "djano won by resignation"]

1. d4 Nf6 2. Nf3 d5 3. Bf4 e6 4. e3 Bd6 5. Ne5 Nfd7 6. Nd2 O-O 7. Bg3 f6 8. Nd3 Bxg3 9. hxg3 Qe7 10. Nf4 g6 11.
Bd3 Qf7 12. Qg4 f5 13. Qh4 Nf6 14. Nf3 h5 15. Ne5 Qg7 16. Nexg6 Rf7 17. Ne5 Re7 18. Nxh5 Nxh5 19. Qxh5 Nc6 20. Ng6 Re8 21. g4 fxg4 22. Ne5 Bd7 23. Nxd7 Qxd7 24. Qh8+ 1-0

[Event "*** SCC Grand Prix: Titled Tuesday Blitz"]
[Site "Chess.com"]
[Date "2020.08.04"]
[Round "2"]
[White "MichailovM"]
[Black "MVM2008"]
[Result "1-0"]
[WhiteElo "2428"]
[BlackElo "2205"]
[TimeControl "180+1"]
[EndTime "14:00:54 PDT"]
[Termination "MichailovM won on time"]

1. e4 e5 2. Nf3 f5 3. d4 fxe4 4.
Nxe5 Nf6 5. d5 Bc5 6. Be2 O-O 7. Nc3 d6 8. Nc4 Ng4 9. Nxe4 Bxf2+ 10. Kd2 b5 11.
Bxg4 bxc4 12. Rf1 Qh4 13. h3 Bxg4 14. Qxg4 Qxg4 15. hxg4 Be3+ 16. Ke2 Rxf1 17. Kxf1 Bxc1 18. Rxc1 Nd7 19. Rd1 Ne5 20. g5 Rb8 21. b3 cxb3 22.
axb3 Ng4 23. Ke2 Re8 24. Rd4 c5 25. dxc6 d5 26. c7 dxe4 27. Rd8 1-0

[Event "*** SCC Grand Prix: Titled Tuesday Blitz"]
[Site "Chess.com"]
[Date "2020.08.04"]
[Round "2"]
[White "YIYUKI"]
[Black "BernardoRoselli"]
[Result "1/2-1/2"]
[WhiteElo "2273"]
[BlackElo "2458"]
[TimeControl "180+1"]
[EndTime "14:01:05 PDT"]
[Termination "Game drawn by repetition"]

1. e4 e6 2. d4 d5 3. e5 c5 4.
c3 Nc6 5. Nf3 Nge7 6. Na3 Nf5 7.
Nc2 Be7 8. Bd3 cxd4 9. Bxf5 exf5 10. cxd4 g5 11. O-O f4 12. Nfe1 Bf5 13. b4 a6 14.
Nd3 O-O 15. Rb1 Rc8 16. Bb2 Kg7 17. Nc5 b6 18. Nxa6 Bxc2 19. Qxc2 Nxb4 20. Qe2 f3 21. gxf3 Rc2 22. Qb5 Nxa6 23. Qxa6 Qc7 24. Qd3 Rc8 25. f4 gxf4 26. Kh1 Kh8 27. Rg1 Qd7 28. Bc1 R8c3 29.
Qf1 Qf5 30. Qg2 Qe4 31. Bxf4 Rxf2 32. Qxe4 dxe4 33. Bh6 Rcc2 34. Bg7+ Kg8 35. Bh6+ Kh8 36. Bg7+ Kg8 37. Bh6+ Kh8 1/2-1/2

[Event "*** SCC Grand Prix: Titled Tuesday Blitz"]
[Site "Chess.com"]
[Date "2020.08.04"]
[Round "2"]
[White "ZEN-22"]
[Black "Semen_Khanin"]
[Result "0-1"]
[WhiteElo "2508"]
[BlackElo "2789"]
[TimeControl "180+1"]
[EndTime "14:01:07 PDT"]
[Termination "Semen_Khanin won by resignation"]

1. b3 Nf6 2. Bb2 g6 3. g3 Bg7 4. Bg2 O-O 5. Nf3 d6 6. O-O e5 7. c4 c5 8. e3 Nc6 9. h3 Re8 10.
d4 exd4 11. exd4 Ne4 12. Re1 cxd4 13. Nxd4 Qf6 14. Rxe4 Rxe4 15. Bxe4 Nxd4 16. Nd2 Bxh3 17. Bxb7 Re8 18. Bxd4 Qxd4 19. Rc1 Bh6 20. Nf3 Qb6 21. Bd5 Bxc1 22. Qxc1 Re2 23. c5 Qxc5 24. Qxc5 dxc5 25. a4 Be6 26. Kf1 Rb2 27. Bxe6 fxe6 28. Ng5 Rxb3 29. Nxe6 c4 30. Ke2 Rb2+ 31. Ke3 Kf7 32. Ng5+ Ke7 33. Ne4 Ra2 34. Nc3 Rc2 35. Kd4 Rxf2 36. Kxc4 Ke6 37. Ne4 Ra2 38. Kb3 Rg2 39. Kb4 Ke5 40. Ng5 Rxg3 41. Nxh7 g5 42. Kb5 g4 43.
Ka6 Ra3 44. a5 g3 45. Ng5 g2 0-1

[Event "*** SCC Grand Prix: Titled Tuesday Blitz"]
[Site "Chess.com"]
[Date "2020.08.04"]
[Round "2"]
[White "MPGM"]
[Black "KuzubovYuriy"]
[Result "0-1"]
[WhiteElo "2539"]
[BlackElo "2842"]
[TimeControl "180+1"]
[EndTime "14:01:09 PDT"]
[Termination "KuzubovYuriy won by checkmate"]

1. d4 Nf6 2. c4 e6 3. Nf3 d5 4. g3 dxc4 5. Bg2 Bb4+ 6. Bd2 a5 7.
O-O c6 8. Qc2 b5 9. a3 Be7 10.
e4 Bb7 11. Nc3 O-O 12. e5 Nd5 13. Ne4 h6 14. h4 Nd7 15. g4 c5 16. dxc5 Nxc5 17.
Nxc5 Bxc5 18. g5 h5 19. g6 f6 20. exf6 Qxf6 21. Rae1 Nf4 22. Bxf4 Qxf4 23. Ne5 Bd5 24. Qc1 Qg3 25. Qg5 Bxf2+ 26. Kh1 Bxg2# 0-1

[Event "*** SCC Grand Prix: Titled Tuesday Blitz"]
[Site "Chess.com"]
[Date "2020.08.04"]
[Round "2"]
[White "wannabe2700"]
[Black "LyonBeast"]
[Result "0-1"]
[WhiteElo "2671"]
[BlackElo "3032"]
[TimeControl "180+1"]
[EndTime "14:01:11 PDT"]
[Termination "LyonBeast won by checkmate"]

1. c4 e5 2. g3 g6 3. Bg2 Bg7 4. Nc3 Nc6 5. e3 d6 6. Nge2 f5 7. O-O Nf6 8. Nd5 O-O 9. Nec3 e4 10. d3 exd3 11. Qxd3 Ne5 12. Qe2 c6 13. Nxf6+ Qxf6 14. Rd1 Qf7 15. Bf1 Be6 16. Rxd6 Bxc4 17. Qd1 Bxf1 18. Kxf1 Rae8 19. Qb3 Nc4 20. Rd1 b5 21. Bd2 a5 22. Be1 a4 23. Qb4 Bf6 24. Qc5 Qb7 25. b3 Re5 26. Qd4 c5 27. Qd7 Qh1+ 28.
Ke2 Nb2 29. Rd6 Qxh2 30. Bd2 Qh5+ 31. Kf1 Qh1+ 32. Ke2 Qxa1 33. Nd5 Qd1# 0-1

[Event "*** SCC Grand Prix: Titled Tuesday Blitz"]
[Site "Chess.com"]
[Date "2020.08.04"]
[Round "2"]
[White "Robert_Chessmood"]
[Black "elcandado"]
[Result "1-0"]
[WhiteElo "2973"]
[BlackElo "2622"]
[TimeControl "180+1"]
[EndTime "14:01:11 PDT"]
[Termination "Robert_Chessmood won by resignation"]

1. e4 d6 2. d4 Nf6 3. Nc3 e5 4. dxe5 dxe5 5. Qxd8+ Kxd8 6. Bc4 Ke8 7. Bd2 c6 8. f4 Nbd7 9. Nf3 Bd6 10. O-O-O Ng4 11. f5 Nf2 12. Ng5 Nxd1 13. Nxf7 Nxc3 14. Nxd6+ Ke7 15.
Nxc8+ Raxc8 16. Bxc3 Rcd8 17. g4 Kf6 18. h4 h6 19. Rg1 g5 20. fxg6 Kxg6 21. Be6 Kf6 22. Bf5 Rhg8 23. Bd2 Rh8 24. Bxh6 Rxh6 25. g5+ Kg7 26.
gxh6+ Kxh6 27. Rd1 1-0

[Event "*** SCC Grand Prix: Titled Tuesday Blitz"]
[Site "Chess.com"]
[Date "2020.08.04"]
[Round "2"]
[White "Bulldog167"]
[Black "allvim"]
[Result "1-0"]
[WhiteElo "2729"]
[BlackElo "2358"]
[TimeControl "180+1"]
[EndTime "14:01:11 PDT"]
[Termination "Bulldog167 won by resignation"]

1. d4 Nf6 2. c4 e6 3. Nf3 d5 4. Nc3 Be7 5. Bg5 a6 6. e3 O-O 7.
Rc1 Nbd7 8. cxd5 exd5 9. Bd3 c6 10. O-O h6 11. Bh4 Ne4 12. Bxe7 Qxe7 13. Qc2 Ndf6 14.
Ne5 Nxc3 15. bxc3 Be6 16. f3 Nd7 17. Nxd7 Qxd7 18. e4 Rfe8 19. e5 c5 20. f4 g6 21.
f5 gxf5 22. Bxf5 Bxf5 23. Rxf5 Re6 24. Rcf1 Rf8 25. Qd2 Rg6 26. dxc5 Qc6 27. Qf2 Qe6 28. h3 Kg7 29. Qd4 Re8 30. Rxf7+ Qxf7 31. Rxf7+ Kxf7 32. Qxd5+ Rge6 33. Qxb7+ R8e7 34. Qf3+ Ke8 35. Kh2 Rxe5 36. Qa8+ Kf7 37. Qxa6 Re2 38. Qxh6 Rf2 39. Qh7+ Ke8 40.
Qh8+ Kf7 41. Qh7+ Ke8 42. Qg8+ Kd7 43. Qd5+ Ke8 44. a4 Ree2 45. a5 1-0

[Event "*** SCC Grand Prix: Titled Tuesday Blitz"]
[Site "Chess.com"]
[Date "2020.08.04"]
[Round "2"]
[White "DrMamaliga"]
[Black "killer311"]
[Result "0-1"]
[WhiteElo "2192"]
[BlackElo "2426"]
[TimeControl "180+1"]
[EndTime "14:01:11 PDT"]
[Termination "killer311 won by checkmate"]

1. c4 c6 2. Nc3 d5 3. e3 Nf6 4.
Nf3 e6 5. Be2 Bd6 6. O-O O-O 7.
b3 e5 8. c5 Bc7 9. d4 e4 10.
Nd2 Nbd7 11. b4 Re8 12. b5 Nf8 13. a4 Ng6 14. a5 Bxa5 15. Qb3 Bc7 16. b6 Bb8 17. bxa7 Rxa7 18. Bb2 Qc7 19. g3 Bh3 20.
Rxa7 Bxa7 21. Ra1 Bb8 22. Bf1 Bxf1 23. Nxf1 h5 24. Na4 h4 25. Nb6 hxg3 26. hxg3 Ng4 27.
Ra8 Nf8 28. Na4 Nh7 29. Qb6 Qd7 30. Qb4 Qf5 31. f4 exf3 32. Qxb7 f2+ 33. Kg2 Qe4+ 34. Kh3 Ng5+ 35. Kh4 Nf6+ 36. Kxg5 Qg4# 0-1

[Event "*** SCC Grand Prix: Titled Tuesday Blitz"]
[Site "Chess.com"]
[Date "2020.08.04"]
[Round "2"]
[White "tan275"]
[Black "superchess02"]
[Result "0-1"]
[WhiteElo "2239"]
[BlackElo "2710"]
[TimeControl "180+1"]
[EndTime "14:01:12 PDT"]
[Termination "superchess02 won by resignation"]

1. d4 Nf6 2. c4 e6 3. g3 c5 4.
d5 b5 5. Bg2 exd5 6. cxd5 d6 7.
e4 g6 8. Ne2 Bg7 9. O-O O-O 10.
a4 Re8 11. axb5 Nxe4 12. Ra4 Bf5 13. Nbc3 Nxc3 14. Nxc3 Nd7 15. Ra6 Nb6 16. Bf4 Bc8 17.
Ra2 a6 18. Ne4 Be5 19. Bxe5 Rxe5 20. Re1 axb5 21. Rxa8 Nxa8 22. f4 Re7 23. Qd3 f5 24.
Nf6+ Kg7 25. Rxe7+ Qxe7 26. Qxb5 Kxf6 27. Qb8 Qe3+ 28.
Kf1 Ba6+ 0-1

[Event "*** SCC Grand Prix: Titled Tuesday Blitz"]
[Site "Chess.com"]
[Date "2020.08.04"]
[Round "2"]
[White "FMOlexandrProhorov"]
[Black "saisree"]
[Result "0-1"]
[WhiteElo "2108"]
[BlackElo "2406"]
[TimeControl "180+1"]
[EndTime "14:01:15 PDT"]
[Termination "saisree won by resignation"]

1. e4 c6 2. d4 d5 3. Nc3 dxe4 4.
Nxe4 Bf5 5. Ng3 Bg6 6. h4 h6 7. h5 Bh7 8. Nf3 Nd7 9. Bd3 Bxd3 10. Qxd3 e6 11. Bf4 Qa5+ 12. Kf1 Ngf6 13. Re1 O-O-O 14. a3 Nd5 15. Bd2 Qc7 16. c4 N5f6 17. Qc2 Bd6 18. Ne4 Nxe4 19. Rxe4 Nf6 20. Re1 Bf4 21. Bc3 c5 22. g3 Bd6 23. Kg2 cxd4 24. Nxd4 Qxc4 25. Rh4 Kb8 26. Kg1 Qd5 27. Qa4 Bc5 28.
b4 Bb6 29. Nb5 Nd7 30. Rd1 Qf3 31. Be1 Qxg3+ 0-1

[Event "*** SCC Grand Prix: Titled Tuesday Blitz"]
[Site "Chess.com"]
[Date "2020.08.04"]
[Round "2"]
[White "BlueWizzard"]
[Black "Jenia84"]
[Result "1-0"]
[WhiteElo "2700"]
[BlackElo "2357"]
[TimeControl "180+1"]
[EndTime "14:01:20 PDT"]
[Termination "BlueWizzard won by resignation"]

1. d4 Nf6 2. Nc3 d5 3. Bf4 e6 4. a3 c5 5. e3 Nc6 6. Nb5 e5 7. Bxe5 Nxe5 8. dxe5 a6 9. exf6 axb5 10. Bxb5+ Bd7 11.
Qxd5 Qa5+ 12. b4 Qxb5 13. Qe5+ Be6 14. fxg7 Bxg7 15. Qxg7 O-O-O 16. Qc3 Rhg8 17. Ne2 Rxg2 18. Nd4 Rxd4 19. exd4 b6 20. bxc5 Bc4 21. a4 Qe8+ 22.
Qe3 Qc6 23. O-O-O Rg6 24. Rhe1 Re6 25. Qa3 1-0

[Event "*** SCC Grand Prix: Titled Tuesday Blitz"]
[Site "Chess.com"]
[Date "2020.08.04"]
[Round "2"]
[White "shnitez"]
[Black "VitaliyBernadskiy"]
[Result "0-1"]
[WhiteElo "2486"]
[BlackElo "2759"]
[TimeControl "180+1"]
[EndTime "14:01:21 PDT"]
[Termination "VitaliyBernadskiy won by resignation"]

1. c4 Nf6 2. Nc3 g6 3. e4 d6 4.
d4 Bg7 5. Nf3 O-O 6. Be2 c6 7.
O-O e5 8. d5 Na6 9. Qc2 cxd5 10. cxd5 Bd7 11. a3 Rc8 12. Be3 Nc5 13. Nd2 Na4 14.
Qb3 Nxc3 15. bxc3 b6 16. a4 Ng4 17. Bxg4 Bxg4 18. f3 Bd7 19. a5 bxa5 20. Bxa7 a4 21. Qb4 Bh6 22. Ra2 Qc7 23. Bb6 Qxc3 24. Qxd6 Bb5 25. Rd1 Qd3 26. Qxe5 Qe2 27. Rb1 Bxd2 28. Bd4 Be3+ 29. Kh1 Bxd4 30. Qxd4 Qxa2 31. Ra1 Qc2 0-1

[Event "*** SCC Grand Prix: Titled Tuesday Blitz"]
[Site "Chess.com"]
[Date "2020.08.04"]
[Round "2"]
[White "GalperinPlaton"]
[Black "goofypenguin96"]
[Result "1-0"]
[WhiteElo "2610"]
[BlackElo "2327"]
[TimeControl "180+1"]
[EndTime "14:01:22 PDT"]
[Termination "GalperinPlaton won by resignation"]

1. e4 e6 2. d4 d5 3. Nd2 c5 4.
Ngf3 cxd4 5. Nxd4 Nc6 6. Bb5 Bd7 7. Nxc6 Bxc6 8. Qe2 Rc8 9. O-O Nf6 10. e5 Nd7 11.
Nf3 Bxb5 12. Qxb5 Qb6 13. Qe2 Bc5 14. c3 h6 15. Bf4 a5 16. a4 Be7 17. Ne1 Nc5 18. Be3 Qc7 19. Bxc5 Bxc5 20. Nd3 O-O 21. g3 d4 22. c4 Rfd8 23. b3 b6 24. Kg2 Qe7 25. f3 Bb4 26. Qe4 Rc7 27. Ra2 Bc5 28. Re2 Qg5 29. f4 Qf5 30. Qxf5 exf5 31. e6 fxe6 32.
Rxe6 Rcd7 33. Rfe1 Rd6 34. Kf3 R8d7 35. R1e5 Rxe6 36. Rxe6 Kf7 37. Re5 Re7 38. Rxf5+ Kg6 39. Re5 Rxe5 40. Nxe5+ Kf5 41. g4+ Ke6 42. Ke4 Kd6 43.
Nf3 1-0